 Dungeon Crawl Stone Soup version 0.29-a0-338-g1ff7896281 (webtiles) character file.

Game seed: 4798416858008651279

951 Murumi the Slasher (level 7, -2/64 HPs)
             Began as a Demigod Fighter on Apr 18, 2022.
             Slain by an orc warrior
             ... wielding a +0 halberd of protection
              (6 damage)
             ... on level 4 of the Dungeon.
             The game lasted 00:14:20 (4563 turns).

Murumi the Slasher (Demigod Fighter)                Turns: 4563, Time: 00:14:20

Health: -2/64      AC: 14    Str: 21    XL:     7   Next: 59%
Magic:  9/10       EV:  9    Int: 10    God:
Gold:   131        SH:  6    Dex: 17    Spells: 6/6 levels left

rFire   + . .      SeeInvis .   a - +0 long sword
rCold   . . .      Faith    .   c - +1 buckler
rNeg    . . .      Spirit   .   n - +0 chain mail
rPois   .          Reflect  .   b - +1 hat
rElec   .          Harm     .   (no cloak)
rCorr   .          Rampage  .   (no gloves)
Will    .....                   (no boots)
Stlth   ..........              (no amulet)
HPRegen 0.20/turn               l - ring of protection from fire
MPRegen 0.12/turn               e - +4 ring of protection

@: mighty
A: high MP 2, forlorn, divine attributes, robust 1
a: no special abilities


You were on level 4 of the Dungeon.
You visited 1 branch of the dungeon, and saw 4 of its levels.
You also visited: Ossuary.

You collected 131 gold pieces.

Inventory:

Hand Weapons
 a - a +0 long sword (weapon)
Armour
 b - a +1 hat (worn)
 c - a +1 buckler (worn)
 n - a +0 chain mail (worn)
Jewellery
 e - a +4 ring of protection (right hand)
 h - a ring of resist corrosion
 l - a ring of protection from fire (left hand)
Wands
 p - a wand of iceblast (7)
Scrolls
 f - a scroll of amnesia
 q - a scroll of summoning
 s - 2 scrolls of fog
Potions
 g - a potion of mutation
 i - 3 potions of magic
 j - a potion of resistance {unknown}
 k - a potion of haste {unknown}
 m - 3 potions of curing {unknown}
 o - a potion of brilliance {unknown}
 r - a potion of heal wounds {unknown}


   Skills:
 - Level 4.0 Fighting
 + Level 4.1 Long Blades
 - Level 4.0 Armour
 - Level 4.0 Dodging
 - Level 2.0 Stealth
 - Level 4.0 Shields
 - Level 2.0 Evocations


You had 6 spell levels left.
You didn't know any spells.
Your spell library contained the following spells:

 Spells                   Type           Power      Damage    Failure   Level
 Animate Skeleton         Necr           0%         N/A       99%         1
 Apportation              Tloc           0%         N/A       99%         1
 Summon Small Mammal      Summ           0%         N/A       99%         1
 Blink                    Tloc           0%         N/A       100%        2
 Static Discharge         Conj/Air       0%         N/A       100%        2
 Lesser Beckoning         Tloc           0%         N/A       100%        3
 Dispel Undead            Necr           0%         3d6       100%        4
 Sticky Flame             Conj/Fire      0%         2d3       100%        4
 Manifold Assault         Tloc           0%         N/A       100%        5


Dungeon Overview and Level Annotations

Branches:
Dungeon (4/15)            Ossuary (visited)
 Temple: D:4-7


Innate Abilities, Weirdness & Mutations

You have a considerably increased reservoir of magic. (+20% MP)
You shall have no god before yourself.
Your divine heritage dramatically boosts your attributes as you level up.
You are robust. (+10% HP)


Message History

Something hits you but does no damage.
You slash something!
Reactivating autopickup.
You feel a bit more experienced. The orc hits you but does no damage.
You block the orc's attack.
You slash the orc!
You kill the orc!
An orc warrior comes into view.
It is wielding a +0 halberd of protection.
The orc warrior hits you but does no damage.
Items here: $ ( )).
You closely miss the orc warrior.
The orc warrior hits you but does no damage.
You closely miss the orc warrior. You block the orc warrior's attack.
You hit the orc warrior but do no damage.
The orc warrior hits you with a +0 halberd of protection.
An orc comes into view. It is wielding a +0 falchion.
The orc warrior hits you with a +0 halberd of protection!
You closely miss the orc warrior.
The orc shouts!
The orc warrior completely misses you.
You hit the orc warrior but do no damage.
The orc warrior barely misses you.
You barely miss the orc warrior.
The orc warrior hits you with a +0 halberd of protection!
You feel very mighty all of a sudden.
The orc warrior hits you with a +0 halberd of protection!
You hit the orc warrior but do no damage.
The orc warrior hits you with a +0 halberd of protection!
* * * LOW HITPOINT WARNING * * *
The orc warrior hits you with a +0 halberd of protection!
* * * LOW HITPOINT WARNING * * *
Unknown command.
It was a potion of mutation.
You feel extremely strange.
You feel weirdly uncertain.
You feel stable.
You feel more energetic.
You feel robust. The orc hits you but does no damage.
The orc warrior closely misses you.
You hit the orc warrior but do no damage.
The orc hits you but does no damage.
The orc warrior hits you with a +0 halberd of protection.
You die...

.# #.#### #####..#. )#
... #....## ##.#. .#
.....# ####..## #...
.# .....
##..##########... .#
.. ...
#.....##......#. .# #.
#.#####.###...........
## #.
#.....#..##.#...####..
# #.##
#.))...........###.. #
#..#
#.#@##########..###. #
#)# ##.#oo# ..##..##..
# ##.###..##...
#.#..[#.. #
####........##..8.
#....÷..
#####...........#
#...# ##......
.....†......)...##
.#.8. #.####.
..###............#
...# #.## ## ..#
#...........## ...#
#).#### .)#
#..........## .
#......


You could see an orc warrior and an orc.

Vanquished Creatures
  Sigmund (D:2)
  A black bear (D:3)
  An ogre (D:4)
  2 elf zombies (Ossuary)
  A howler monkey (D:4)
  2 centaur zombies (Ossuary)
  A jelly (D:4)
  An orc priest (D:4)
  A hound (D:3)
  An iguana (D:4)
  3 orc wizards (D:4)
  3 mummies
  3 adders
  2 adder zombies (Ossuary)
  A worm (D:2)
  4 dart slugs
  9 orcs
  6 endoplasms
  2 giant cockroaches (D:2)
  11 goblins
  6 hobgoblins
  3 jackals (D:4)
  3 quokkas
  8 ball pythons
  5 bats
  3 frilled lizards
  2 goblin zombies (Ossuary)
  10 hobgoblin zombies (Ossuary)
  A jackal zombie (Ossuary)
  5 kobolds
  6 kobold zombies (Ossuary)
  10 orc zombies (Ossuary)
  7 rats
  2 rat zombies (Ossuary)
127 creatures vanquished.

Notes
Turn   | Place    | Note
-------+----------+-------------------------------------------
     0 | D:1      | Murumi the Demigod Fighter began the quest for the Orb.
     0 | D:1      | Reached XP level 1. HP: 18/18 MP: 3/3
   158 | D:1      | Reached XP level 2. HP: 26/26 MP: 4/4
  1052 | D:2      | Reached skill level 1 in Dodging
  1096 | D:2      | Reached XP level 3. HP: 25/31 MP: 5/5
  1196 | D:2      | Reached skill level 1 in Stealth
  1479 | D:2      | Noticed Sigmund
  1495 | D:2      | Killed Sigmund
  1496 | D:2      | Reached XP level 4. HP: 19/38 MP: 6/6
  1496 | D:2      | Reached XP level 5. HP: 23/45 MP: 7/7
  1911 | D:3      | Noticed a black bear
  1920 | D:3      | Killed a black bear
  2176 | D:3      | Reached XP level 6. HP: 51/51 MP: 8/8
  3183 | D:4      | Found a sand-covered staircase.
  3193 | Ossuary  | Entered an ossuary
  3476 | Ossuary  | Reached XP level 7. HP: 30/59 MP: 9/9
  3665 | Ossuary  | Reached skill level 1 in Evocations
  4562 | D:4      | Gained mutation: You are occasionally teleported next to
                  | monsters. [potion of mutation]
  4562 | D:4      | Lost mutation: You are occasionally teleported next to
                  | monsters. [potion of mutation]
  4562 | D:4      | Gained mutation: You have a considerably increased
                  | reservoir of magic. (+20% MP) [potion of mutation]
  4562 | D:4      | Gained mutation: You are robust. (+10% HP) [potion of
                  | mutation]
  4563 | D:4      | Slain by an orc warrior

Illustrated notes

Levels and vault maps discovered:
D:1:      eino_arrival_druids_welcome, layout_basic,
          chequers_serial_rivers_small_b, hangedman_feature_mirror,
          lemuel_another_geyser
D:2:      layout_rooms, uniq_sigmund
D:3:      layout_basic, elyvilon_altar_3, glass_columns_a, roderic_lattice_a
D:4:      layout_rooms, gup_ossuary_entry_pyramid, guppyfry_early_orc_mine

Skill      XL: |  1  2  3  4  5  6  7 |
---------------+----------------------+-----
Long Blades    | 2 3 4 |  4.1
Fighting       | 3 4 |  4.0
Shields        | 3 4 |  4.0
Armour         | 3 4 |  4.0
Dodging        | 1 3 4 |  4.0
Stealth        | 2 |  2.0
Evocations     | 2 |  2.0

Action                   |  1- 3 |  4- 6 |  7- 9 || total
-------------------------+-------+-------+-------++-------
Melee: Long sword        |   117 |   210 |   120 ||   447
  Use: Scroll            |     5 |     3 |     2 ||    10
       Potion            |       |     1 |     2 ||     3
Armor: Scale mail        |    60 |       |       ||    60
       Chain mail        |       |   157 |    73 ||   230
Dodge: Dodged            |    51 |   121 |    37 ||   209
Block: Buckler           |    32 |    60 |    27 ||   119

Table legend: (Time is in decaauts)
 A = Elapsed time spent in this place.
 B = Non-inter-level travel time spent in this place.
 C = Inter-level travel time spent in this place.
 D = Time resting spent in this place.
 E = Time spent auto-exploring this place.
 F = Levels seen in this place.
 G = Mean time per level.
                   A        B        C        D        E       F      G
               +--------+--------+--------+--------+--------+-----+--------+
         Total |   4686 |   4412 |    274 |    241 |   3095 |   5 |  937.2 |
       Dungeon |   3967 |   3693 |    274 |    105 |   2797 |   4 |  991.8 |
       Ossuary |    719 |    719 |      0 |    136 |    298 |   1 |  719.0 |
               +--------+--------+--------+--------+--------+-----+--------+

Top non-repeatable levels by time:
     D:3: 1337 daAuts
     D:1: 1026 daAuts
     D:4: 838 daAuts
     D:2: 763 daAuts
 Ossuary: 719 daAuts
